 Dungeon Crawl Stone Soup version 0.27-a0-1525-g1038ab4fd7 (webtiles) character file.

Game seed: 17993459332242368054

1 Spaninq the Magician (level 1, 0/13 HPs)
             Began as a Demonspawn Wanderer on July 10, 2021.
             Slain by a jackal (1 damage)
             ... on level 1 of the Dungeon.
             The game lasted 00:00:33 (29 turns).

Spaninq the Magician (Demonspawn Wanderer)            Turns: 29, Time: 00:00:34

Health: 0/13       AC:  2    Str: 14    XL:     1   Next: 16%
Magic:  4/4        EV: 11    Int: 13    God:
Gold:   0          SH:  0    Dex: 10    Spells: 6/6 levels left

rFire    . . .     SeeInvis .   a - +0 club
rCold    . . .     Faith    .   (no shield)
rNeg     . . .     Spirit   .   b - +0 robe
rPois    .         Reflect  .   (no helmet)
rElec    .         Harm     .   (no cloak)
rCorr    .         Rampage  .   (no gloves)
Will     .....                  (no boots)
Stlth    +.........             (no amulet)
HPRegen  0.04/turn              (no ring)
MPRegen  0.09/turn              (no ring)

@: no status effects
A: no striking features
a: no special abilities


You were on level 1 of the Dungeon.
You visited 1 branch of the dungeon, and saw 1 of its levels.

Inventory:

Hand Weapons
 a - a +0 club (weapon)
Armour
 b - a +0 robe (worn)


   Skills:
 + Level 0.0 Fighting
 * Level 1.8 Axes
 - Level 1.0 Throwing
 + Level 1.0 Armour
 + Level 0.0 Dodging
 - Level 1.0 Stealth
 - Level 3.0 Spellcasting
 - Level 1.0 Summonings
 - Level 1.0 Translocations


You had 6 spell levels left.
You didn't know any spells.
Your spell library contained the following spells:

 Spells                   Type           Power      Damage    Failure   Level
 Corona                   Hex            1%         N/A       22%         1
 Magic Dart               Conj           4%         1d3       22%         1
 Blink                    Tloc           N/A        N/A       22%         2
 Call Imp                 Summ           4%         N/A       22%         2
 Slow                     Hex            1%         N/A       34%         2
 Conjure Flame            Conj/Fire      1%         6-21      56%         3
 Inner Flame              Hex/Fire       1%         N/A       56%         3
 Mephitic Cloud           Conj/Pois/Air  1%         N/A       56%         3


Dungeon Overview and Level Annotations

Branches:
Dungeon (1/15)

Altars:


Message History

A jackal comes into view.
The jackal bites you. The jackal misses you.
A dart slug comes into view.
The jackal bites you but does no damage.
The dart slug launches a dart at you. The slug dart hits you.
The jackal barks!
You hit the jackal.
The jackal is heavily wounded.
The jackal barely misses you. The jackal misses you.
You hit the jackal.
The jackal is almost dead.
A jackal comes into view.
The jackal bites you.
The jackal moves out of view.
You hit the jackal.
You kill the jackal!
The dart slug launches a dart at you. The slug dart misses you.
The jackal closely misses you.
You closely miss the jackal. The dart slug launches a dart at you.
The slug dart misses you.
You hit the jackal.
The jackal is moderately wounded.
The jackal closely misses you. The jackal bites you.
You closely miss the jackal.
The jackal is moderately wounded.
The jackal bites you but does no damage.
The dart slug launches a dart at you. The slug dart hits you.
* * * LOW HITPOINT WARNING * * *
The jackal misses you.
A goblin comes into view. It is wielding a +0 dagger.
The goblin hits you with a +0 dagger.
* * * LOW HITPOINT WARNING * * *
The dart slug launches a dart at you. The slug dart misses you.
The jackal bites you but does no damage.
The goblin barely misses you. The jackal bites you.
You die...

# #. ########### .#
≈≈≈≈≈≈≈≈≈≈≈ .
.#≈≈≈≈≈.....≈ #.
..#≈≈....≈≈≈..
#.#####.#≈...≈≈≈.≈≈≈
#...#.......≈≈≈.<..≈
#@#.#.#≈...≈≈≈.≈≈≈
####ghw..#≈≈....≈≈≈..
#.....h..#≈≈≈≈≈.....≈
#......h.#≈≈≈≈≈≈≈.≈≈≈
#.....##g########.###
#...#.##.............
#.....#####..#.......
#...##. ........####.
#... ............ ..


You could see a dart slug, 3 jackals and 2 goblins.

Vanquished Creatures
  A jackal (D:1)
1 creature vanquished.

Notes
Turn   | Place    | Note
-------+----------+-------------------------------------------
     0 | D:1      | Spaninq the Demonspawn Wanderer began the quest for the
                  | Orb.
     0 | D:1      | Spaninq set off with the following items: a +0 club, a +0
                  | robe; and the following spells available to memorise:
                  | Corona, Magic Dart, Blink, Call Imp, Slow, Conjure Flame,
                  | Inner Flame, Mephitic Cloud
     0 | D:1      | Reached XP level 1. HP: 13/13 MP: 4/4
    29 | D:1      | Slain by a jackal

Illustrated notes

Levels and vault maps discovered:
D:1:      dpeg_arrival_shrine, layout_rooms, ebering_ecumenical_altar_abandoned,
          serial_bayou_lake_a

Action                   || total
-------------------------++-------
Melee: Club              ||     6
Armor: Robe              ||     3
Dodge: Dodged            ||    10

Table legend: (Time is in decaauts)
 A = Elapsed time spent in this place.
 B = Non-inter-level travel time spent in this place.
 C = Inter-level travel time spent in this place.
 D = Time resting spent in this place.
 E = Time spent auto-exploring this place.
 F = Levels seen in this place.
 G = Mean time per level.
                   A        B        C        D        E       F      G
               +--------+--------+--------+--------+--------+-----+--------+
         Total |     31 |     31 |      0 |      0 |      6 |   1 |   31.0 |
       Dungeon |     31 |     31 |      0 |      0 |      6 |   1 |   31.0 |
               +--------+--------+--------+--------+--------+-----+--------+

Top non-repeatable levels by time:
     D:1: 31 daAuts
